 Dungeon Crawl Stone Soup version 0.30-a0-385-gfebfb9b408 (webtiles) character file.

Game seed: 16110614137460083204

19482 ragingrage the Fencer (level 12, 0/108 HPs)
             Began as a White Draconian Gladiator on Dec 2, 2022.
             Was a High Priest of Wu Jian.
             Killed from afar by a rime drake (22 damage)
             ... with an icy flash freeze
             ... on level 1 of the Lair of Beasts.
             The game lasted 00:28:13 (17910 turns).

ragingrage the Fencer (White Draconian Gladiator)  Turns: 17910, Time: 00:28:14

Health: 0/108      AC: 11    Str: 20    XL:     12   Next: 36%
Magic:  12/12      EV: 16    Int: 12    God:    Wu Jian [*****.]
Gold:   564        SH:  0    Dex: 17    Spells: 8/11 levels left

rFire   + . .      SeeInvis +    a - +3 great sword
rCold   + . .      Faith    +    (shield currently unavailable)
rNeg    . . .      Spirit   .    (body armour unavailable)
rPois   +          Reflect  .    R - +0 hat
rElec   +          Harm     .    F - +0 cloak "Sopt" {rPois rF+}
rCorr   .          Rampage  .    B - +0 pair of gloves
Will    .....                    l - +0 pair of boots {Fly}
Stlth   ++........               j - amulet of faith
HPRegen 0.38/turn                y - ring of flight
MPRegen 0.13/turn                e - ring "Askoota" {rElec rPois Int+4 SInv}

@: exhausted, short of breath, flying
A: breathe frost, AC +8, unfitting armour, cold resistance 1, cold-blooded,
poison resistance, screaming 1, strong 1
a: Breathe Frost, Renounce Religion, Wall Jump, Serpent's Lash, Heavenly Storm


You were on level 1 of the Lair of Beasts.
You worshipped Wu Jian.
Wu Jian was extremely pleased with you.
You visited 3 branches of the dungeon, and saw 15 of its levels.
You also visited: Sewer.

You collected 691 gold pieces.
You spent 127 gold pieces at shops.

Inventory:

Hand Weapons
 a - a +3 great sword (weapon)
 b - the +10 rapier "Sah Nin" {vorpal, rPois rN+ Will- Int+2}
   (You found it on level 13 of the Dungeon)

   It inflicts extra damage upon your enemies.
   Int:       It affects your intelligence (+2).
   rPois:     It protects you from poison.
   rN:        It protects you from negative energy.
   Will:      It decreases your willpower.
 g - a +0 scimitar
 q - a +4 falchion of freezing
Missiles
 c - 3 throwing nets
 d - 7 javelins
 i - 34 poisoned darts (quivered)
 r - 10 boomerangs
 u - 2 silver javelins
Armour
 l - a +0 pair of boots of flying (worn)
 s - a scarf of invisibility
 B - a +0 pair of gloves (worn)
 F - the +0 cloak "Sopt" (worn) {rPois rF+}
   (You acquired it on level 6 of the Dungeon)

   rF:        It protects you from fire.
   rPois:     It protects you from poison.
 P - a +0 buckler
 R - a +0 hat (worn)
Jewellery
 e - the ring "Askoota" (right hand) {rElec rPois Int+4 SInv}
   (You acquired it on level 6 of the Dungeon)

   [ring of see invisible]

   Int:       It affects your intelligence (+4).
   rElec:     It insulates you from electricity.
   rPois:     It protects you from poison.
   SInv:      It lets you see invisible.
 j - an amulet of faith (around neck)
 y - a ring of flight (left hand)
 A - a ring of fire
Wands
 t - a wand of flame (21)
 w - a wand of iceblast (7)
 G - a wand of digging (8)
 M - a wand of mindburst (14)
 N - a wand of acid (8)
 Q - a wand of polymorph (6)
Scrolls
 k - 2 scrolls of summoning
 m - a scroll of fog
 n - 2 scrolls of amnesia
 p - 5 scrolls of enchant weapon
 v - 4 scrolls of immolation
 D - 3 scrolls of fear
 I - 4 scrolls of identify
 K - 2 scrolls of teleportation {unknown}
 L - a scroll of poison
 O - a scroll of blinking {unknown}
Potions
 f - 3 potions of brilliance
 h - 2 potions of might
 o - 3 potions of cancellation
 x - 3 potions of haste
 z - 2 potions of mutation
 C - 2 potions of flight
 E - 2 potions of curing
 H - a potion of resistance {unknown}
 J - 2 potions of invisibility {unknown}


   Skills:
 + Level 10.9 Fighting
 + Level 15.3 Long Blades
 - Level 1.7 Throwing
 + Level 7.6 Dodging
 - Level 8.0 Ice Magic


You had 8 spell levels left.
You knew the following spells:

 Your Spells              Type           Power      Damage    Failure   Level
a - Ozocubu's Armour      Ice            19%        N/A       3%          3

Your spell library contained the following spells:

 Spells                   Type           Power      Damage    Failure   Level
 Apportation              Tloc           0%         N/A       32%         1
 Necrotise                Necr           0%         1d4       32%         1
 Slow                     Hex            0%         N/A       32%         1
 Summon Small Mammal      Summ           0%         N/A       32%         1
 Confusing Touch          Hex            0%         N/A       69%         3
 Kindle Blastsparks       Fire/Tloc/Air  0%         2d10      69%         3
 Vampiric Draining        Necr           0%         2d6       69%         3
 Fulminant Prism          Conj/Hex       0%         3d5       97%         4
 Iskenderun's Mystic Bla  Conj/Tloc      0%         2d3       97%         4
 Freezing Cloud           Conj/Ice/Air   3%         6-21      97%         5
 Lee's Rapid Deconstruct  Erth           0%         3d4*      100%        5
 Simulacrum               Ice/Necr       4%         N/A       100%        6
 Ozocubu's Refrigeration  Ice            9%         4d9       100%        7
 Borgnjor's Revivificati  Necr           0%         N/A       100%        8
 Necromutation            Tmut/Necr      0%         N/A       100%        8
 Death's Door             Necr           0%         N/A       100%        9
 Polar Vortex             Ice            9%         N/A       100%        9


Dungeon Overview and Level Annotations

Branches:
Dungeon (13/15)            Temple (1/1) D:4            Lair (1/5) D:11
    Orc (0/2) D:9           Sewer (visited)
 Vaults: D:13-14

Altars:
Ashenzari
Cheibriados
Elyvilon
Fedhas
Gozag
Hepliaklqana
Kikubaaqudgha
Makhleb
Nemelex Xobeh
Okawaru
Sif Muna
Trog
Uskayaw
Vehumet
Wu Jian
Xom
Yredelemnul
Zin
The Shining One

Shops:
D:5 [   D:7 =*   D:11 (   D:12 :

Annotations:
D:5 2 transporters
D:9 7 runed translucent doors, flotson's ghost, novice DsDe


Innate Abilities, Weirdness & Mutations

You can breathe waves of freezing cold which knock back foes.
Your icy white scales are hard. (AC +8)
You cannot fit into any form of body armour.
Your flesh is cold resistant. (rC+)
You are cold-blooded and may be slowed by cold attacks.
Your system is resistant to poisons. (rPois)
You occasionally shout uncontrollably at your foes.
Your muscles are strong. (Str +4, Int/Dex -1)


Message History

You hit the komodo dragon but do no damage.
The komodo dragon bites you!
You closely miss the komodo dragon. The komodo dragon bites you.
You barely miss the komodo dragon. You slice the komodo dragon!!
The komodo dragon is heavily wounded.
The komodo dragon barely misses you.
You slash the komodo dragon!
The komodo dragon is severely wounded.
The komodo dragon bites you!!
* * * LOW HITPOINT WARNING * * *
You hit the komodo dragon.
The komodo dragon is severely wounded.
The komodo dragon closely misses you.
Your muscles tense, ready for explosive movement...
You lunge with incredible momentum at the komodo dragon.
You hit the komodo dragon but do no damage.
You tail-slap the komodo dragon, but do no damage.
The komodo dragon is severely wounded.
Your supernatural speed expires.
You hit the komodo dragon.
The komodo dragon is severely wounded.
The komodo dragon bites you!
* * * LOW HITPOINT WARNING * * *
You are too exhausted to lash out.
Okay, then.
Aiming: Breathe Frost (2% risk of failure)
Press: ? - help, Shift-Dir - straight line, f - komodo dragon
Aim: a komodo dragon (severely wounded, 79% to hit)
You exhale a wave of freezing cold.
The freezing breath hits the komodo dragon!
You kill the komodo dragon!
The Council accepts your kill.
A komodo dragon comes into view.
The komodo dragon hisses angrily.
A rime drake comes into view.
Found 12 gold pieces.
The rime drake breathes ice at you. The icy flash freeze hits you!!
You partially resist.
You die...

##..............#.
#.............$.
#..........k... ..
#............. .
##..P....l.... .## .
#.^.##..##...####..#..
####..######...P#P......
#P#)..#..###....#.....#
###...........@.........#
#................#......#
#.........................
##....#.#.##.......$.......
#.....###.##.#...###.....#.
##....##......#..# .......
#....##......#.## .#.....
#............#.# >#.....
#....##......#.. .......


You could see a komodo dragon and a rime drake (catching breath).

Vanquished Creatures
  A centaur warrior (D:13)
  5 two-headed ogres
  A boulder beetle (D:11)
  A deep elf pyromancer (D:12)
  3 cyclopes
  3 gargoyles
  3 unseen horrors
  A komodo dragon (Lair:1)
  5 trolls
  A tengu conjurer (D:10)
  A hornet (shapeshifter) (D:8)
  2 wraiths
  12 yaks
  A vampire (D:8)
  A steam dragon (D:6)
  A basilisk (D:13)
  Grum (D:11)
  6 vampire mosquitoes (D:11)
  2 acid dragons
  2 water moccasins
  2 ice beasts (D:6)
  3 sky beasts
  9 orc warriors
  3 black bears
  5 wolves (D:11)
  3 ogres (D:6)
  4 centaurs
  2 phantoms
  An elf zombie (D:4)
  5 bullfrogs
  2 kobold brigands (D:10)
  5 scorpions
  An elf skeleton (D:4)
  3 gnoll sergeants
  3 wights
  16 killer bees
  2 vampire bats (D:9)
  7 howler monkeys
  An electric eel (D:11)
  6 hounds
  11 orc priests
  2 gnoll boudas (D:7)
  2 human skeletons (D:4)
  3 iguanas
  15 orc wizards
  A hell rat (Sewer)
  22 gnolls
  16 adders
  A shadow imp (D:6)
  An ufetubus (D:5)
  2 worms
  A dart slug (D:2)
  43 orcs
  7 ball pythons
  2 bat skeletons (D:9)
  4 bat zombies (D:9)
  4 endoplasms
  5 giant cockroaches
  6 goblins
  5 hobgoblins
  2 jackals (D:5)
  4 quokkas
  9 bats
  4 frilled lizards
  14 kobolds
  An orc skeleton (D:4)
  An orc zombie (D:4)
  17 rats
341 creatures vanquished.

Vanquished Creatures (collateral kills)
  2 killer bees (D:8)
2 creatures vanquished.

Vanquished Creatures (others)
  A two-headed ogre (D:8)
  A wight (D:9)
  2 killer bees (D:8)
  2 fungi (D:9)
  2 plants (D:9)
8 creatures vanquished.

Grand Total: 351 creatures vanquished

Notes
Turn   | Place    | Note
-------+----------+-------------------------------------------
     0 | D:1      | ragingrage the Draconian Gladiator began the quest for the
                  | Orb.
     0 | D:1      | Reached XP level 1. HP: 17/17 MP: 1/1
   483 | D:1      | Found a faded altar of an unknown god.
   542 | D:1      | Reached XP level 2. HP: 23/24 MP: 2/2
  1235 | D:2      | Reached skill level 4 in Long Blades
  1294 | D:2      | HP: 1/24 [frozen (5)]
  1585 | D:2      | Reached XP level 3. HP: 29/29 MP: 3/3
  2154 | D:3      | Reached skill level 5 in Long Blades
  2154 | D:3      | Reached XP level 4. HP: 32/36 MP: 4/4
  2421 | D:3      | Learned a level 3 spell: Ozocubu's Armour
  2617 | D:3      | Found a shimmering blue altar of Sif Muna.
  2824 | D:4      | Reached XP level 5. HP: 33/41 MP: 5/5
  2857 | D:4      | Found a broken altar of Ashenzari.
  3006 | D:4      | Found a staircase to the Ecumenical Temple.
  3150 | Temple   | Entered the Ecumenical Temple
  3203 | Temple   | Became a worshipper of the Wu Jian Council
  3254 | D:4      | Reached skill level 6 in Long Blades
  3413 | D:4      | Noticed an orc warrior
  3437 | D:4      | Gained mutation: You occasionally shout uncontrollably at
                  | your foes. [potion of mutation]
  3437 | D:4      | Gained mutation: Your system is resistant to poisons.
                  | (rPois) [potion of mutation]
  3437 | D:4      | Gained mutation: Your muscles are strong. (Str +4, Int/Dex
                  | -1) [potion of mutation]
  3438 | D:4      | Killed an orc warrior
  3439 | D:4      | Reached XP level 6. HP: 8/48 MP: 6/6
  3444 | D:4      | Reached skill level 7 in Long Blades
  3801 | D:4      | Reached skill level 8 in Long Blades
  3801 | D:4      | Your scales start taking on an icy white colour.
  3801 | D:4      | Reached XP level 7. HP: 53/55 MP: 7/7
  3801 | D:4      | Gained mutation: Your flesh is cold resistant. (rC+) [White
                  | Draconian growth]
  3812 | D:4      | Reached * piety under Wu Jian
  4267 | D:5      | Entered Level 5 of the Dungeon
  4419 | D:5      | Found Yzxut Reimn's Antique Armour Emporium.
  4436 | D:5      | Bought a pair of glowing boots for 127 gold pieces
  4562 | D:4      | Reached skill level 9 in Long Blades
  4620 | D:5      | Found a transporter.
  4620 | D:5      | Noticed a steam dragon
  4623 | D:5      | Found a transporter.
  4626 | D:5      | Noticed a hornet
  4626 | D:5      | Noticed a shadow
  4628 | D:5      | Found a hide-covered altar of Uskayaw.
  4718 | D:5      | Found a radiant altar of Vehumet.
  5015 | D:6      | Reached XP level 8. HP: 20/61 MP: 8/8
  5169 | D:6      | Reached skill level 10 in Long Blades
  5213 | D:6      | Found a glowing drain.
  5458 | Sewer    | Entered a sewer
  5465 | Sewer    | Reached ** piety under Wu Jian
  5565 | D:6      | Identified 2 scrolls of acquirement
  5567 | D:6      | Acquired the +0 cloak "Sopt" {rPois rF+}
  5583 | D:6      | Acquired the ring "Askoota" {rElec rPois Int+4 SInv}
  5708 | D:6      | Reached skill level 11 in Long Blades
  5943 | D:6      | Reached skill level 12 in Long Blades
  6001 | D:6      | Reached XP level 9. HP: 58/67 MP: 9/9
  6378 | D:7      | Found a basalt altar of Yredelemnul.
  6547 | D:7      | Reached *** piety under Wu Jian
  6596 | D:7      | Noticed a two-headed ogre
  6657 | D:7      | Found Resm's Jewellery Boutique.
  6748 | D:7      | Reached skill level 13 in Long Blades
  7457 | D:8      | Reached skill level 14 in Long Blades
  7651 | D:8      | Reached **** piety under Wu Jian
  7709 | D:8      | Found a bloodstained altar of Trog.
  7754 | D:8      | Reached skill level 1 in Ice Magic
  7819 | D:8      | Found a snail-covered altar of Cheibriados.
  7849 | D:8      | Noticed a two-headed ogre
  7921 | D:8      | Reached XP level 10. HP: 14/78 MP: 10/10
  8395 | D:9      | Found a runed translucent door.
  9394 | D:9      | Noticed a two-headed ogre
  9762 | D:7      | Found Zin's Purification Station.
  9767 | D:7      | Found a glowing silver altar of Zin.
 10003 | D:8      | Killed a two-headed ogre
 10004 | D:8      | Reached skill level 5 in Fighting
 11799 | D:9      | Found a runed translucent gate.
 11890 | D:9      | Found a staircase to the Orcish Mines.
 11972 | D:9      | Found a runed translucent door.
 11987 | D:9      | Found a runed translucent door.
 12004 | D:9      | Found a runed translucent door.
 12070 | D:9      | Found an ancient bone altar of Kikubaaqudgha.
 12141 | D:9      | Found a runed translucent gate.
 12141 | D:9      | Found a runed translucent gate.
 12282 | D:9      | Noticed flotson's ghost (novice DsDe)
 12570 | D:10     | Entered Level 10 of the Dungeon
 12589 | D:10     | Reached skill level 5 in Ice Magic
 12649 | D:10     | Noticed a gargoyle
 12653 | D:10     | Killed a gargoyle
 12654 | D:10     | Reached skill level 5 in Dodging
 12782 | D:10     | Found a sparkling altar of Nemelex Xobeh.
 13096 | D:10     | Found a hazy altar of Hepliaklqana.
 13098 | D:10     | Found a glowing golden altar of the Shining One.
 13098 | D:10     | Found an opulent altar of Gozag.
 13187 | D:10     | Reached ***** piety under Wu Jian
 13310 | D:10     | Found an iron altar of Okawaru.
 13626 | D:10     | Found the +0 staff of Battle
 13641 | D:10     | Reached XP level 11. HP: 88/94 MP: 11/11
 13817 | D:11     | Identified the +0 scale mail of a treasure trove {Will+
                  | Int+4}
 13981 | D:11     | Found a staircase to the Lair.
 14188 | D:11     | Noticed a two-headed ogre
 14204 | D:11     | Killed a two-headed ogre
 14543 | D:12     | Found Qowis's Book Emporium.
 14559 | D:12     | Noticed a deep elf pyromancer
 15190 | D:11     | Found Plog's Antique Weapon Shop.
 15771 | D:11     | Noticed Grum
 15780 | D:11     | Killed Grum
 16026 | D:12     | Killed a deep elf pyromancer
 16059 | D:12     | Noticed a boulder beetle
 16060 | D:12     | Noticed a two-headed ogre
 16070 | D:11     | Killed a boulder beetle
 16179 | D:11     | Killed a two-headed ogre
 16484 | D:12     | Reached skill level 10 in Fighting
 16773 | D:12     | Reached XP level 12. HP: 106/106 MP: 12/12
 16797 | D:12     | Noticed a two-headed ogre
 16802 | D:12     | Killed a two-headed ogre
 16809 | D:12     | Reached skill level 15 in Long Blades
 17114 | D:12     | Found the +7 Kryia's mail coat {PotionHeal*2 rC+}
 17301 | D:13     | Identified the +10 rapier "Sah Nin" {vorpal, rPois rN+
                  | Will- Int+2}
 17307 | D:13     | Noticed a centaur warrior
 17325 | D:13     | Killed a centaur warrior
 17667 | D:13     | Noticed a two-headed ogre
 17693 | D:13     | Killed a two-headed ogre
 17842 | Lair:1   | Entered Level 1 of the Lair of Beasts
 17910 | Lair:1   | Killed from afar by a rime drake

Illustrated notes

Levels and vault maps discovered:
D:1:      noname_arrival_rooms_in_the_neighbourhood, layout_loops_corners,
          hellmonk_ecumenical_altar_leap_of_faith, item_on_display_a
D:2:      layout_basic
D:3:      layout_basic, nicolae_sif_muna_condensation, minivault_27,
          hangedman_decor_opposing
D:4:      layout_basic, ashenzari_altar_1, minmay_temple_entry_glassed_door,
          nicolae_ossuary_entry_catacombs, saegor_snake_ambush
D:5:      layout_rooms, gammafunk_temple_overflow_arena,
          overflow_temple_1_default, serial_shops, shop
D:6:      layout_rooms, gup_sewer_entry_glass, st_stairs_14,
          kennysheep_opposing_triangles
D:7:      layout_basic, zin_purify, mainiacjoe_overflow_paths, serial_shops,
          nicolae_diamond_shop
D:8:      layout_rooms, mainiacjoe_overflow_six_doors_small,
          trog_three_pillars_becter, minmay_radiant
D:9:      layout_cave_pools, kennysheep_vampire_church, david_orc_3,
          gammafunk_ghost_nasty_kobolds, minmay_statue_crystal_thing
D:10:     layout_basic, okawaru_trees_1, kennysheep_mini_moat,
          grunt_temple_overflow_diamond, hellmonk_guarded_unrand_staff_of_battle
D:11:     layout_grid_maze, erik_lair_island, serial_shops, shop, uniq_grum
D:12:     layout_gridville, serial_shops, shop_coins, minmay_increasing_density
D:13:     layout_long_grid, hangedman_vaults_entry_quadrant_bands,
          minmay_crystal_box
Temple:   nicolae_temple_superstar
Lair:1:   layout_gridlike, chequers_serial_rivers_micro_d, uniq_erica

Skill      XL: |  1  2  3  4  5  6  7  8  9 10 11 12 |
---------------+-------------------------------------+-----
Long Blades    | 4 5 6 8 9 12 14 15 | 15.3
Ice Magic      | 2 5 7 8 |  8.0
Fighting       | 3 7 10 | 10.9
Dodging        | 3 5 6 7 |  7.6
Throwing       | |  1.7

Action                   |  1- 3 |  4- 6 |  7- 9 | 10-12 || total
-------------------------+-------+-------+-------+-------++-------
Melee: Long sword        |   143 |   155 |   528 |    67 ||   893
       Tailslap          |    14 |    17 |    67 |    98 ||   196
       Punch             |     1 |       |     9 |     2 ||    12
       Scimitar          |       |       |       |   121 ||   121
       Great sword       |       |       |       |   413 ||   413
       Falchion          |       |       |       |     6 ||     6
Throw: Throwing net      |       |     2 |     2 |     5 ||     9
       Dart              |       |       |     7 |    26 ||    33
       Boomerang         |       |       |       |     6 ||     6
       Javelin           |       |       |       |     2 ||     2
 Cast: Ozocubu's Armour  |       |       |       |    10 ||    10
Invok: Lunge             |       |     2 |    20 |    61 ||    83
       Whirlwind         |       |       |     8 |    32 ||    40
       Serpent's Lash    |       |       |     1 |     4 ||     5
       Heavenly Storm    |       |       |       |     1 ||     1
 Abil: Breathe Frost     |       |       |    24 |     6 ||    30
Evoke: Wand              |       |       |     8 |     2 ||    10
  Use: Potion            |     2 |     2 |     3 |       ||     7
       Scroll            |       |     4 |    13 |       ||    17
 Stab: Sleeping          |     1 |     2 |     3 |       ||     6
       Held in net/web   |       |       |     1 |     1 ||     2
       Distracted        |       |       |       |     2 ||     2
Armor: Skin              |    79 |    53 |   228 |   187 ||   547
Dodge: Dodged            |   136 |    81 |   295 |   434 ||   946

Table legend: (Time is in decaauts)
 A = Elapsed time spent in this place.
 B = Non-inter-level travel time spent in this place.
 C = Inter-level travel time spent in this place.
 D = Time resting spent in this place.
 E = Time spent auto-exploring this place.
 F = Levels seen in this place.
 G = Mean time per level.
                   A        B        C        D        E       F      G
               +--------+--------+--------+--------+--------+-----+--------+
         Total |  17862 |  17036 |    826 |   5794 |   7760 |  16 | 1116.4 |
       Dungeon |  17629 |  16813 |    816 |   5794 |   7626 |  13 | 1356.1 |
        Temple |     62 |     53 |      9 |      0 |     40 |   1 |   62.0 |
          Lair |     67 |     67 |      0 |      0 |     47 |   1 |   67.0 |
         Sewer |    102 |    102 |      0 |      0 |     47 |   1 |  102.0 |
               +--------+--------+--------+--------+--------+-----+--------+

Top non-repeatable levels by time:
     D:8: 3148 daAuts
    D:11: 2601 daAuts
     D:9: 1573 daAuts
     D:4: 1515 daAuts
     D:7: 1505 daAuts
    D:10: 1232 daAuts
     D:1: 1086 daAuts
     D:6: 1061 daAuts
    D:12: 1023 daAuts
     D:2: 950 daAuts
     D:5: 787 daAuts
     D:3: 731 daAuts
    D:13: 410 daAuts
   Sewer: 102 daAuts
  Lair:1: 67 daAuts
